 Dungeon Crawl Stone Soup version 0.29-a0-810-g3812dd5c9c (webtiles) character file.

Game seed: 5477151530807222849

219 ASIMItheHERO the Trooper (level 5, -2/34 HPs)
             Began as a Gargoyle Fighter on July 4, 2022.
             Was an Initiate of Gozag.
             Killed by divine providence
             ... invoked by an orc priest
              (10 damage)
             ... on level 3 of the Dungeon.
             The game lasted 00:09:22 (2873 turns).

ASIMItheHERO the Trooper (Gargoyle Fighter)         Turns: 2873, Time: 00:09:22

Health: -2/34      AC: 12    Str: 22    XL:     5   Next: 96%
Magic:  5/5        EV:  9    Int:  8    God:    Gozag
Gold:   471        SH:  4    Dex:  9    Spells: 4/4 levels left

rFire   . . .      SeeInvis .   a - +0 flail
rCold   . . .      Faith    .   c - +0 buckler
rNeg    + . .      Spirit   .   j - +0 scale mail
rPois   ∞          Reflect  .   q - +0 helmet
rElec   +          Harm     .   (no cloak)
rCorr   .          Rampage  .   (no gloves)
Will    .....                   (no boots)
Stlth   ..........              h - amulet of the acrobat
HPRegen 0.11/turn               (no ring)
MPRegen 0.09/turn               (no ring)

@: gold aura
A: sickness immunity, AC +4, negative energy resistance 1, electricity
resistance, torment resistance 1, petrification resistance
a: Renounce Religion, Potion Petition, Call Merchant, Bribe Branch


You were on level 3 of the Dungeon.
You worshipped Gozag.
Gozag was aware of your devotion.
You visited 1 branch of the dungeon, and saw 3 of its levels.
You also visited: Sewer.

You collected 471 gold pieces.

Inventory:

Hand Weapons
 a - a +0 flail (weapon)
 b - a +0 sling
Missiles
 e - 2 poisoned darts
 f - 10 stones (quivered)
Armour
 c - a +0 buckler (worn)
 j - a +0 scale mail (worn)
 q - a +0 helmet (worn)
Magical Staves
 r - a staff of poison
Jewellery
 h - an amulet of the acrobat (around neck)
Scrolls
 g - a scroll of fear {unknown}
 i - 2 scrolls of vulnerability {unknown}
 k - 4 scrolls of identify {unknown}
 l - a scroll of blinking {unknown}
 m - a scroll of enchant weapon {unknown}
 o - a scroll of magic mapping {unknown}
Potions
 d - a potion of might
 n - 2 potions of curing {unknown}
 p - a potion of magic {unknown}
 s - a potion of ambrosia {unknown}
 t - a potion of degeneration {unknown}
 u - 2 potions of heal wounds
 v - 3 potions of flight


   Skills:
 * Level 4.4 Fighting
 * Level 4.1 Maces & Flails
 + Level 1.0 Ranged Weapons
 - Level 0.1 Throwing
 + Level 3.9 Armour
 + Level 0.5 Dodging
 + Level 3.7 Shields


You had 4 spell levels left.
You didn't know any spells.
Your spell library contained the following spells:

 Spells                   Type           Power      Damage    Failure   Level
 Wereblood                Tmut           0%         N/A       91%         2
 Summon Hydra             Summ           0%         N/A       100%        7
 Sublimation of Blood     Necr           Unusable   N/A       N/A         2

Dungeon Overview and Level Annotations

Branches:
Dungeon (3/15)              Sewer (visited)

Altars:
Gozag
Hepliaklqana


Innate Abilities, Weirdness & Mutations

You are immune to sickness and miasma.
Your stone body is resilient. (AC +4)
You are immune to poison.
You resist negative energy. (rN+)
You are resistant to electric shocks. (rElec)
You are resistant to unholy torment.
You are immune to petrification.


Message History

You shoot a sling bullet.
The sling bullet closely misses the orc priest.
The sling bullet barely misses the orc.
The sling bullet hits the rat.
You kill the rat!
The orc priest begins to cast a cantrip, but forgets the words!
You shoot a sling bullet. The sling bullet barely misses the orc.
The sling bullet closely misses the orc priest.
You shoot a sling bullet.
The sling bullet hits the orc but does no damage.
The orc priest casts a cantrip, but nothing happens.
The orc hits you but does no damage.
a - a +0 flail (weapon)
You barely miss the orc. The orc hits you but does no damage.
The orc priest calls down the wrath of Beogh upon you.
Beogh smites you! The orc completely misses you.
You completely miss the orc. The orc hits you but does no damage.
You barely miss the orc. The orc hits you but does no damage.
You closely miss the orc. The orc barely misses you.
You closely miss the orc. You block the orc's attack.
The orc hits you with a +0 short sword.
You hit the orc.
The orc is almost dead.
You block the orc's attack.
You hit the orc.
You kill the orc!
You thump the orc priest!
The orc priest is heavily wounded.
The orc priest hits you but does no damage.
You hit the orc priest but do no damage.
The orc priest is heavily wounded.
The orc priest hits you but does no damage.
The orc priest invokes the aid of Beogh against you.
Beogh smites you!
* * * LOW HITPOINT WARNING * * *
You hit the orc priest but do no damage.
The orc priest is heavily wounded.
The orc priest mumbles some strange prayers to Beogh against you.
Beogh smites you!
You die...
Your body crumbles into a pile of gold.

###############.##.###.##
#. #.##.....####### #.
#.#######......# #. #.#
#......# #. #.# #......#
#. #.# #......# ## #.##
##......# #..# #.......#
##@#####.......#
#o#...#.##.##.#
#.#....o...# .#
#.#......o.# .#
##.#.....##.##.
#.$....o....>..
#..................
#...###.###.#######
...... #.###.#


You could see an orc priest.

Vanquished Creatures
  A kobold brigand (Sewer)
  Robin (D:2)
  2 river rats (Sewer)
  4 adders
  A worm (D:3)
  2 dart slugs
  3 orcs (D:3)
  A ball python (D:1)
  2 bats (D:2)
  6 endoplasms
  2 giant cockroaches
  12 goblins (D:2)
  5 hobgoblins
  9 jackals
  6 kobolds
  2 quokkas
  3 frilled lizards
  9 rats
71 creatures vanquished.

Notes
Turn   | Place    | Note
-------+----------+-------------------------------------------
     0 | D:1      | ASIMItheHERO the Gargoyle Fighter began the quest for the
                  | Orb.
     0 | D:1      | Reached XP level 1. HP: 14/14 MP: 1/1
   245 | D:1      | Found a faded altar of an unknown god.
   252 | D:1      | Prayed at the altar of an unknown god.
   252 | D:1      | Became a worshipper of Gozag Ym Sagoz the Greedy
   279 | D:1      | Reached XP level 2. HP: 19/19 MP: 2/2
  1106 | D:2      | Reached XP level 3. HP: 24/24 MP: 3/3
  1124 | D:2      | Noticed Robin
  1148 | D:2      | Killed Robin
  1149 | D:2      | Reached XP level 4. HP: 19/29 MP: 4/4
  1783 | D:2      | Found a hazy altar of Hepliaklqana.
  2381 | D:3      | Reached XP level 5. HP: 30/33 MP: 5/5
  2451 | D:3      | Found a glowing drain.
  2484 | Sewer    | Entered a sewer
  2624 | Sewer    | Noticed a kobold brigand
  2640 | Sewer    | Killed a kobold brigand
  2655 | Sewer    | Reached skill level 1 in Ranged Weapons
  2731 | Sewer    | Found a white marble altar of Elyvilon.
  2873 | D:3      | Killed from afar by an orc priest

Illustrated notes

Levels and vault maps discovered:
D:1:      dpeg_arrival_round_c, layout_basic, dreamdust_ecumenical_altar_statues
D:2:      layout_basic, basic_altar, uniq_robin
D:3:      layout_loops_cross, cheibrodos_sewer_entry_bend

Skill      XL: |  1  2  3  4  5 |
---------------+----------------+-----
Fighting       | 4 |  4.4
Maces & Flails | 3 4 |  4.1
Ranged Weapons | 1 |  1.0
Throwing       | |  0.1
Armour         | |  3.9
Dodging        | |  0.5
Shields        | |  3.7

Action                   |  1- 3 |  4- 6 || total
-------------------------+-------+-------++-------
Melee: Flail             |    66 |   163 ||   229
 Fire: Sling             |    11 |    23 ||    34
Throw: Dart              |     3 |       ||     3
Armor: Scale mail        |    29 |    90 ||   119
Dodge: Dodged            |    25 |    85 ||   110
Block: Buckler           |     9 |    39 ||    48

Table legend: (Time is in decaauts)
 A = Elapsed time spent in this place.
 B = Non-inter-level travel time spent in this place.
 C = Inter-level travel time spent in this place.
 D = Time resting spent in this place.
 E = Time spent auto-exploring this place.
 F = Levels seen in this place.
 G = Mean time per level.
                   A        B        C        D        E       F      G
               +--------+--------+--------+--------+--------+-----+--------+
         Total |   2979 |   2935 |     44 |    357 |   1763 |   4 |  744.8 |
       Dungeon |   2612 |   2568 |     44 |    294 |   1609 |   3 |  870.7 |
         Sewer |    367 |    367 |      0 |     63 |    153 |   1 |  367.0 |
               +--------+--------+--------+--------+--------+-----+--------+

Top non-repeatable levels by time:
     D:2: 1122 daAuts
     D:1: 1109 daAuts
     D:3: 379 daAuts
   Sewer: 367 daAuts
